AoeStats
← Tom

Black Forest

506090912Analyzed
2v2 RM · 21d ago on Sep 12, 2026· 27m 2s· 4 players
Game mode
Random Map
Map size
Medium (4 player)
Population
200
Speed
Normal
Resources
Standard
Victory
Conquest
Starting age
Dark Age
Ending age
Imperial Age
RankedLock teamsTeams togetherTeam positionsShared explorationLock speedFull tech treeHidden civsTurbo modeCheats
Victory
Defeat
🇬🇧 Dravidians · United Kingdom
812
+17
🇬🇧 Celts · United Kingdom
812
+17
🇷🇺 Bohemians · Russia
1066
-25
🇷🇺 Byzantines · Russia
623
-9
Jalomass
12:23 Feudal Age
13:59 Double-Bit Axe
14:36 Town Watch
17:23 Castle Age
17:19 Man-at-Arms
19:16 Long Swordsman
22:59 Gambesons
24:27 Wheelbarrow
24:55 Scale Mail Armor
25:06 Forging
26:39 Chain Mail Armor
TGKnighty
12:04 Feudal Age
12:40 Double-Bit Axe
19:08 Castle Age
18:31 Gold Mining
23:27 Fletching
Sumka_Volosni
0:55 Loom
13:32 Feudal Age
17:51 Castle Age
17:15 Double-Bit Axe
17:11 Horse Collar
20:20 Bow Saw
21:14 Wheelbarrow
21:44 Town Watch
23:37 Fishing Lines
Tom
1:19 Loom
11:27 Feudal Age
11:53 Double-Bit Axe
11:52 Horse Collar
18:00 Gold Mining
21:37 Castle Age
19:47 Stone Mining
23:44 Wheelbarrow
24:56 Stone Shaft Mining
26:27 Man-at-Arms
27:08 Squires
26:54 Gambesons
27:23 Forging
27:13 Scale Mail Armor
Connection lost

Rejoining the realm…

Still unreachable

The connection could not be restored.

Session expired

The server has moved on; the page needs a fresh start.